 Dungeon Crawl Stone Soup version 0.20.1-1-g8b1a95d (webtiles) character file.

777 Knicklaso the Quickloader (level 7, -2/51 HPs)
             Began as a Barachi Hunter on July 22, 2017.
             Killed by nerve-wracking pain
             ... invoked by Menkaure
              (11 damage)
             ... on level 5 of the Dungeon on July 23, 2017.
             The game lasted 00:18:14 (4267 turns).

Knicklaso the Quickloader (Barachi Hunter)          Turns: 4267, Time: 00:18:16

Health: -2/51      AC: 10    Str: 18    XL:     7   Next: 84%
Magic:  7/7        EV: 11    Int: 11    God:
Gold:   214        SH:  0    Dex: 14    Spells: 6/6 levels left

rFire    . . .     SeeInvis .   b - +1 dagger (venom)
rCold    . . .     Gourm    .   (no shield)
rNeg     . . .     Faith    .   B - +3 ring mail of the Thoughtful Allies {Str+4}
rPois    .         Spirit   .   l - +1 helmet
rElec    .         Reflect  .   (no cloak)
rCorr    .         Harm     .   (no gloves)
MR       .....                  (no boots)
Stlth    +.........             q - amulet of regeneration
Regen    0.6/turn               (no ring)
MPRegen  0.1/turn               (no ring)

@: can't hop, slow
A: +LOS, swims, slowness 1, strong legs 1
a: Hop


You were on level 5 of the Dungeon.
You were not hungry.

You visited 1 branch of the dungeon, and saw 5 of its levels.
You also visited: Sewer.

You collected 214 gold pieces.

Inventory:

Hand Weapons
 a - a +1 hand crossbow
 b - a +1 dagger of venom (weapon)
Missiles
 d - 12 bolts
Armour
 c - a +0 leather armour
 l - a +1 helmet (worn)
 B - the +3 ring mail of the Thoughtful Allies (worn) {Str+4}
   (You found it on level 4 of the Dungeon)

   It affects your strength (+4).
Jewellery
 q - an amulet of regeneration (around neck)
 v - an uncursed amulet of the gourmand {unknown}
 A - an uncursed ring of fire {unknown}
Wands
 y - a wand of iceblast (3/15)
Scrolls
 h - a scroll of blinking
 i - 2 scrolls of remove curse {unknown}
 j - a scroll of fear {unknown}
 k - 3 scrolls of identify {unknown}
 p - 2 scrolls of amnesia {unknown}
 t - 4 scrolls of teleportation {unknown}
 x - a scroll of enchant armour {unknown}
Potions
 e - 3 potions of brilliance {unknown}
 m - 3 potions of curing
 n - 4 potions of lignification {unknown}
 r - 4 potions of heal wounds {unknown}
 s - 2 potions of flight {unknown}
 u - 3 potions of might {unknown}
 C - a potion of magic {unknown}
Books
 w - a book of Summonings

   Spells                             Type                      Level
   a - Recall                         Summoning/Translocation      3
   b - Aura of Abjuration             Summoning                    5
   c - Summon Demon                   Summoning                    5
   d - Summon Forest                  Summoning/Translocation      5
   e - Summon Mana Viper              Hexes/Summoning              5
   f - Shadow Creatures               Summoning                    6
Comestibles
 f - 9 bread rations
 g - a meat ration
 o - 3 fruits
 z - a royal jelly
 D - 4 chunks of flesh


   Skills:
 - Level 2.4 Fighting
 + Level 9.4 Crossbows
 - Level 2.1 Dodging
 - Level 0.8 Stealth


You had 6 spell levels left.
You didn't know any spells.

Dungeon Overview and Level Annotations

Branches:
Dungeon (5/15)
 Temple: D:4-7

Altars:

Annotations:
D:5 Menkaure


Innate Abilities, Weirdness & Mutations

Shadows flee at your approach. (+LOS)
You can swim through water.
You cover ground slowly.
You can hop short distances.


Message History

Menkaure calls on the powers of darkness!
Edmund convulses!
Your body is wracked with pain!
* * * LOW HITPOINT WARNING * * *
You feel better.
You hit Edmund but do no damage.
Edmund is almost dead.
Edmund hits you but does no damage.
You hit Edmund.
You kill Edmund!
You hit Menkaure.
Menkaure is lightly damaged.
Menkaure hits you but does no damage. Menkaure hits you!
* * * LOW HITPOINT WARNING * * *
Menkaure hits you.
* * * LOW HITPOINT WARNING * * *
You hit Menkaure.
Menkaure is lightly damaged.
Menkaure casts a spell at you. Pain shoots through your body!
You die...

...........###.##.#.#######..#..#
.#########.# #.##............#.#
#.# #.####............# #.# #.#
#####.###..### #.# #.# #.#.##..#
... #.# #.###.#..# #.. #.. ..#
##....... #..######### .#..####
#......@.# .##.... ##.#####M# .#
##.### ### #.# ## #.# #.. #)# #.#
##### #.# #.# ....# #.# #.#
###.###.#########.#
#.....†....†....#
#.......#.##.######


You could see Menkaure.

Vanquished Creatures
  Edmund (D:5)
  Duvessa (D:5)
  A big kobold (Sewer)
  Dowan (D:5)
  An orc priest (D:4)
  3 hounds
  4 orc wizards (D:4)
  Ijyb (D:4)
  Terence (D:2)
  7 adders
  3 river rats
  3 oozes
  An adder skeleton (D:4)
  5 worms
  5 dart slugs
  3 leopard geckos
  8 orcs
  5 ball pythons
  6 giant cockroaches
  8 goblins
  4 hobgoblins
  6 jackals
  13 kobolds
  2 quokkas (D:2)
  5 bats
  4 frilled lizards
  9 rats
111 creatures vanquished.

Notes
Turn   | Place    | Note
-------+----------+-------------------------------------------
     0 | D:1      | Knicklaso the Barachi Hunter began the quest for the Orb.
     0 | D:1      | Reached XP level 1. HP: 17/17 MP: 1/1
   182 | D:1      | Reached XP level 2. HP: 23/23 MP: 2/2
   678 | D:1      | Reached XP level 3. HP: 28/28 MP: 3/3
   846 | D:1      | Reached skill level 5 in Crossbows
  1313 | D:2      | Noticed Terence
  1328 | D:2      | Killed Terence
  1328 | D:2      | Reached XP level 4. HP: 14/34 MP: 4/4
  1978 | D:3      | Reached skill level 6 in Crossbows
  2043 | D:3      | Reached XP level 5. HP: 30/39 MP: 5/5
  2044 | D:3      | Found a glowing drain.
  2092 | Sewer    | Entered a sewer
  2391 | Sewer    | Noticed a big kobold
  2406 | Sewer    | Killed a big kobold
  2406 | Sewer    | Reached skill level 7 in Crossbows
  2406 | Sewer    | Reached XP level 6. HP: 45/46 MP: 6/6
  3154 | D:4      | Noticed Ijyb
  3170 | D:4      | Killed Ijyb
  3279 | D:4      | Reached skill level 8 in Crossbows
  3367 | D:4      | Reached XP level 7. HP: 38/51 MP: 7/7
  3381 | D:4      | Got a smoking ring mail
  3395 | D:4      | Identified the +3 ring mail of the Thoughtful Allies {Str+4} (You found it on level 4 of the Dungeon)
  3953 | D:5      | Entered Level 5 of the Dungeon
  4044 | D:5      | Noticed Dowan
  4064 | D:5      | Killed Dowan
  4074 | D:5      | Noticed Duvessa
  4088 | D:5      | HP: 2/51 [Duvessa/short sword (12)]
  4093 | D:5      | Killed Duvessa
  4093 | D:5      | Reached skill level 9 in Crossbows
  4213 | D:5      | Noticed Menkaure
  4237 | D:5      | Noticed Edmund
  4263 | D:5      | Killed Edmund
  4267 | D:5      | Killed from afar by Menkaure

Skill      XL: |  1  2  3  4  5  6  7 |
---------------+----------------------+-----
Crossbows      | 5 6 7 8 9 |  9.4
Fighting       | |  2.4
Dodging        | |  2.1
Stealth        | |  0.8

Action                   |  1- 3 |  4- 6 |  7- 9 || total
-------------------------+-------+-------+-------++-------
Melee: Dagger            |       |   110 |    89 ||   199
       Short sword       |       |    25 |       ||    25
 Fire: Hand crossbow     |    82 |    83 |       ||   165
 Abil: Hop               |     2 |     1 |     3 ||     6
  Use: Scroll            |       |     3 |       ||     3
       Potion            |       |       |     2 ||     2
  Eat: Chunk             |     1 |     8 |     3 ||    12
Armor: Leather armour    |     6 |    44 |       ||    50
       Ring mail         |       |       |    46 ||    46
Dodge: Dodged            |    31 |    81 |    60 ||   172
